 Dungeon Crawl Stone Soup version 0.25.0-1-g7eea58d2a3 (webtiles) character file.

Game seed: 475430553229868006

7127 Anothat the Cleaver (level 10, -20/98 HPs)
             Began as a Deep Dwarf Fighter on June 13, 2020.
             Was a Follower of Makhleb.
             Demolished by a death knight
             ... wielding a +0 glaive
              (27 damage)
             ... on level 10 of the Dungeon on June 14, 2020.
             The game lasted 00:15:21 (7599 turns).

Anothat the Cleaver (Deep Dwarf Fighter)            Turns: 7599, Time: 00:15:22

Health: -20/98     AC: 19    Str: 22    XL:     10   Next: 85%
Magic:  2/2        EV:  7    Int: 10    God:    Makhleb [*.....]
Gold:   626        SH:  0    Dex: 12    Spells: 9/9 levels left

rFire    . . .     SeeInvis .   M - +0 battleaxe
rCold    . . .     Gourm    .   (shield currently unavailable)
rNeg     . . .     Faith    .   p - +1 plate armour
rPois    +         Spirit   .   k - +0 helmet
rElec    .         Reflect  .   N - +2 cloak {rPois}
rCorr    .         Harm     .   (no gloves)
MR       +....                  (no boots)
Stlth    ..........             (no amulet)
HPRegen  0.00/turn              (no ring)
MPRegen  0.08/turn              (no ring)

@: non-regenerating
A: damage resistance, heal wounds, sense surroundings 2, no regeneration
a: Heal Wounds, Renounce Religion


You were on level 10 of the Dungeon.
You worshipped Makhleb.
Makhleb was aware of your devotion.
You were hungry.

You visited 2 branches of the dungeon, and saw 11 of its levels.
You also visited: Sewer.

You collected 626 gold pieces.

Inventory:

Hand Weapons
 a - a +0 war axe
 M - a +0 battleaxe (weapon)
Armour
 b - a +0 scale mail
 c - a +0 kite shield
 k - a +0 helmet (worn)
 p - a +1 plate armour (worn)
 q - a +0 cloak
 N - a +2 cloak of poison resistance (worn)
 P - a +1 cloak of poison resistance
Jewellery
 d - an uncursed ring of resist corrosion {unknown}
 g - an uncursed ring of protection from fire {unknown}
 y - an uncursed amulet of the acrobat {unknown}
 H - a +4 ring of evasion
 I - an uncursed ring of magical power {unknown}
Wands
 w - a wand of disintegration (13)
 x - a wand of flame (46)
 B - a wand of iceblast (4)
 E - a wand of polymorph (2)
 L - a wand of random effects (9)
 T - a wand of clouds (1)
Scrolls
 e - 8 scrolls of identify
 h - 7 scrolls of remove curse
 j - a scroll of random uselessness
 m - a scroll of enchant armour
 r - a scroll of amnesia {unknown}
 s - 4 scrolls of immolation
 u - a scroll of fear
 A - a scroll of fog {unknown}
 J - a scroll of summoning {unknown}
 K - a scroll of blinking {unknown}
 O - a scroll of magic mapping {unknown}
 R - 2 scrolls of teleportation {unknown}
Potions
 i - 5 potions of degeneration {unknown}
 n - 2 potions of berserk rage {unknown}
 o - 3 potions of stabbing {unknown}
 t - a potion of mutation {unknown}
 v - 4 potions of curing {unknown}
 z - 3 potions of haste {unknown}
 C - a potion of flight {unknown}
 D - a potion of cancellation {unknown}
 F - 3 potions of brilliance {unknown}
 G - 2 potions of might
 S - a potion of ambrosia {unknown}
Comestibles
 f - 17 rations


   Skills:
 + Level 8.4 Fighting
 * Level 13.0 Axes
 + Level 9.1 Armour
 - Level 3.2 Shields


You had 9 spell levels left.
You didn't know any spells.
Your spell library was empty.

Dungeon Overview and Level Annotations

Branches:
Dungeon (10/15)            Temple (1/1) D:7           Sewer (visited)
   Lair: D:8-11         Orc: D:9-12

Altars:
Ashenzari
Cheibriados
Dithmenos
Elyvilon
Fedhas
Gozag
Hepliaklqana
Kikubaaqudgha
Makhleb
Nemelex Xobeh
Okawaru
Qazlal
Ru
Sif Muna
Trog
Uskayaw
Vehumet
Wu Jian
Xom
Yredelemnul
Zin
The Shining One

Shops:
D:5 }

Annotations:
D:10 2 runed translucent doors


Innate Abilities, Weirdness & Mutations

You are resistant to damage.
You can heal yourself by infusing magical energy.
You passively map the area around you.
You do not regenerate.


Message History

The tengu warrior closely misses you.
The tengu warrior claws you but does no damage.
As you read the scroll labeled SOHUNA KYCW, it crumbles to dust.
It is a scroll of enchant armour.
Your +0 plate armour glows green for a moment.
The death knight hits you from afar with a +0 glaive!!
* * * LOW HITPOINT WARNING * * *
The tengu warrior hits you with a +0 battleaxe!
* * * LOW HITPOINT WARNING * * *
The tengu warrior pecks you but does no damage.
The tengu warrior claws you.
As you read the scroll labeled QUFFIC IRAOMI, it crumbles to dust.
You assume a fearsome visage.
The death knight resists with almost no effort.
The leopard gecko looks frightened!
The centaur looks frightened!
The tengu warrior looks frightened!
The hound looks frightened!
It was a scroll of fear.
The centaur howls in fear.
The death knight hits you from afar with a +0 glaive!!
You die...

* , , , * * , , *
, , * *, ** , ,, ,
* * *, * * ** ** ,
, * , ## , ## ** ,
* *#.##. ,###.#, ,
, , #(...###l{(# ,
* *, #..##(@Qh# +
*#..(###p..# ,* ,*
###...###c# , ,
###...### * ,*
#.#...### , ,
#...#...###** ,,
#.####....## ,
#......##..#%#####
#####..###.##.#..#


You could see a death knight, a tengu warrior (fleeing), a centaur (fleeing), a
hound (fleeing) and a leopard gecko (fleeing).

Vanquished Creatures
  Erica (D:8)
  Maurice (D:8)
  A moth of wrath (D:9)
  Grinder (D:3)
  6 yaks (D:9)
  Eustachio (D:5)
  A steam dragon (D:10)
  Menkaure (D:5)
  A hungry ghost (D:6)
  A water moccasin (D:7)
  3 orc warriors
  2 black bears (D:9)
  2 ice beasts (D:7)
  A sky beast (D:5)
  An eye of draining (D:9)
  3 centaurs
  3 ogres
  A big kobold (D:9)
  A crocodile (D:9)
  4 bullfrogs
  3 scorpions
  9 killer bees
  A crimson imp (D:6)
  A centaur zombie (D:9)
  10 hounds
  4 jellies
  2 bullfrog skeletons
  Crazy Yiuf (D:3)
  A gnoll shaman (D:5)
  7 orc priests
  Terence (D:2)
  5 iguanas
  3 worker ants
  Ijyb (D:4)
  Natasha (D:3)
  13 orc wizards
  A hound zombie (D:7)
  Robin (D:2)
  3 worker ant zombies
  8 gnolls
  13 adders
  2 shadow imps (D:5)
  An ooze (D:6)
  An adder zombie (D:5)
  An adder skeleton (D:7)
  2 worms
  A dart slug (D:2)
  2 leopard geckos (Sewer)
  28 orcs
  7 giant cockroaches
  12 goblins
  5 hobgoblins
  11 jackals
  3 quokkas
  5 ball pythons
  3 bats (D:3)
  6 frilled lizards
  7 kobolds
  A quokka skeleton (D:8)
  4 rats
227 creatures vanquished.

Notes
Turn   | Place    | Note
-------+----------+-------------------------------------------
     0 | D:1      | Anothat the Deep Dwarf Fighter began the quest for the Orb.
     0 | D:1      | Reached XP level 1. HP: 20/20 MP: 1/1
    60 | D:1      | Reached XP level 2. HP: 24/27 MP: 2/2
    79 | D:1      | You fall into a shaft and drop 1 floor!
    95 | D:2      | Reached skill level 3 in Axes
   126 | D:2      | Reached XP level 3. HP: 24/34 MP: 3/3
   180 | D:2      | Noticed a bullfrog
   190 | D:2      | Killed a bullfrog
   190 | D:2      | Reached skill level 4 in Axes
   190 | D:2      | Reached XP level 4. HP: 17/42 MP: 4/4
   279 | D:2      | Noticed Terence
   293 | D:2      | Killed Terence
   340 | D:2      | Noticed Robin
   357 | D:2      | Reached XP level 5. HP: 28/50 MP: 5/5
   372 | D:2      | Killed Robin
   372 | D:2      | Reached skill level 5 in Axes
   802 | D:3      | Noticed Grinder
   826 | D:3      | Paralysed by Grinder for 3 turns
   829 | D:3      | Killed Grinder
   829 | D:3      | Reached skill level 6 in Axes
   829 | D:3      | Reached XP level 6. HP: 30/58 MP: 6/6
  1148 | D:3      | Noticed Natasha
  1163 | D:3      | Killed Natasha
  1237 | D:3      | Found a snail-covered altar of Cheibriados.
  1388 | D:3      | Found a runed translucent door.
  1389 | D:3      | Noticed Crazy Yiuf
  1723 | D:3      | Killed Crazy Yiuf
  1879 | D:4      | Noticed Ijyb
  1890 | D:4      | Killed Ijyb
  1978 | D:4      | Found a hide-covered altar of Uskayaw.
  2196 | D:4      | Reached XP level 7. HP: 52/66 MP: 6/6
  2244 | D:4      | Reached skill level 7 in Axes
  2463 | D:5      | Entered Level 5 of the Dungeon
  2517 | D:5      | Found a glowing drain.
  2533 | Sewer    | Entered a sewer
  2776 | Sewer    | Reached skill level 5 in Fighting
  3121 | D:5      | Reached skill level 8 in Axes
  3254 | D:5      | Reached XP level 8. HP: 55/74 MP: 6/6
  3346 | D:5      | Reached skill level 5 in Armour
  3585 | D:5      | Noticed Menkaure
  3590 | D:5      | Noticed Eustachio
  3593 | D:5      | Killed Menkaure
  3593 | D:5      | Reached skill level 9 in Axes
  3630 | D:5      | Killed Eustachio
  3655 | D:5      | Found Beda Kide's Gadget Emporium.
  4038 | D:6      | Gained mutation: You passively map the area around you.
                  | [Deep Dwarf growth]
  4038 | D:6      | Reached XP level 9. HP: 47/82 MP: 4/4
  4354 | D:6      | Reached skill level 10 in Axes
  4570 | D:7      | Found a staircase to the Ecumenical Temple.
  4581 | D:7      | Found a radiant altar of Vehumet.
  4605 | Temple   | Entered the Ecumenical Temple
  4627 | Temple   | Became a worshipper of Makhleb the Destroyer
  5104 | D:7      | Found a shattered altar of Ashenzari.
  5934 | D:8      | Noticed Maurice
  5949 | D:8      | Killed Maurice
  5949 | D:8      | Reached skill level 11 in Axes
  6064 | D:8      | Noticed Erica
  6084 | D:8      | Killed Erica
  6084 | D:8      | Reached XP level 10. HP: 59/94 MP: 4/4
  6150 | D:8      | Found a hazy altar of Hepliaklqana.
  6157 | D:8      | Found a white marble altar of Elyvilon.
  6158 | D:8      | Found an ornate altar of the Wu Jian Council.
  6662 | D:9      | Reached * piety under Makhleb
  6790 | D:9      | Reached skill level 12 in Axes
  7042 | D:9      | Noticed a two-headed ogre
  7048 | D:9      | Noticed a moth of wrath
  7048 | D:9      | a two-headed ogre changed into a moth of wrath
  7052 | D:9      | Killed a moth of wrath
  7418 | D:10     | Entered Level 10 of the Dungeon
  7542 | D:10     | Found a runed translucent door.
  7542 | D:10     | Found a runed translucent door.
  7577 | D:10     | Reached skill level 13 in Axes
  7584 | D:10     | Noticed a death knight
  7585 | D:10     | Noticed a tengu warrior
  7599 | D:10     | Demolished by a death knight

Illustrated notes

Levels and vault maps discovered:
D:1:      kennysheep_arrival_seaside, layout_basic, minmay_heptomino_d4
D:2:      layout_loops_ring, first_ration, grunt_ministairs_5, uniq_robin,
          uniq_terence
D:3:      layout_basic, lemuel_crystal_altar, nrook_mini_backslash,
          uniq_crazy_yiuf_cottage, uniq_grinder, uniq_natasha
D:4:      cheibrodos_old_hovel, layout_basic, kennysheep_mini_moat, uniq_ijyb
D:5:      layout_loops_cross, serial_shops, shop, portal_sewer_entry_d,
          uniq_menkaure, uniq_eustachio
D:6:      layout_basic
D:7:      layout_basic, vehumet_altar_wand_db, minmay_temple_entry_glass,
          basic_altar
D:8:      layout_rooms, minitemple, uniq_maurice, uniq_erica
D:9:      layout_irregular_city
D:10:     minmay_the_grid_four_pointed_star
          [minmay_the_grid_triangle_9x9_impossible_snake,
          minmay_the_grid_triangle_9x9_zippers_horizontal,
          minmay_the_grid_triangle_9x9_tough_junction,
          minmay_the_grid_triangle_9x9_alien,
          minmay_the_grid_prize_shrinking_boxes], layout_cave_pods
Temple:   lightli_temple_of_artemis

Skill      XL: |  1  2  3  4  5  6  7  8  9 10 |
---------------+-------------------------------+-----
Fighting       | 3 4 5 6 7 8 |  8.4
Axes           | 3 4 6 8 9 11 13 | 13.0
Armour         | 4 6 7 9 |  9.1
Shields        | |  3.2

Action                   |  1- 3 |  4- 6 |  7- 9 | 10-12 || total
-------------------------+-------+-------+-------+-------++-------
Melee: War axe           |    47 |   166 |   530 |       ||   743
       Battleaxe         |       |       |       |   166 ||   166
 Abil: Heal Wounds       |       |     4 |    12 |     7 ||    23
Evoke: Wand              |       |       |       |    11 ||    11
  Use: Scroll            |       |       |       |     6 ||     6
       Potion            |       |       |       |     2 ||     2
  Eat: Chunk             |       |     2 |    14 |     5 ||    21
       Ration            |       |     1 |     1 |       ||     2
Armor: Scale mail        |    21 |    43 |       |       ||    64
       Plate armour      |       |    66 |   552 |   177 ||   795
Dodge: Dodged            |    23 |    60 |   258 |    99 ||   440
Block: Kite shield       |    29 |     1 |       |       ||    30
